Map: Shrines of Lizul

Players

Reshevsky

  • Race: Terran Terran
  • League: Diamond
  • Spawn Location: 9:00

WillyStrike

  • Race: Terran Terran
  • League: Master
  • Spawn Location: 6:00

javaMan - Winner!

  • Race: Terran Terran
  • Spawn Location: 3:00

PureLegacy - Winner!

  • Race: Terran Terran
  • Spawn Location: 12:00

VOD

Have the link to the VOD?

Description

Time

  • Played on: Nov. 23, 2018, 10:37 a.m.
  • Length: 11:15
Show
View Real Time Build Order
Export as new Build Order

Reshevsky Terran 

Build Orders: Cyclone Opening 

Get SALT Encoding   

  12  0:01  SCV  
  13  0:13  SCV  
  14  0:18  Supply Depot  
  14  0:25  SCV  
  15  0:29  Refinery  
  15  0:39  SCV  
  16  0:48  Barracks  
  16  0:52  SCV  
  17  1:01  Supply Depot  
  17  1:04  SCV  
  18  1:16  SCV  
  19  1:21  Refinery  
  19  1:28  SCV  
  20  1:36  Factory  
  20  1:44  Orbital Command  
  20  1:48  Reaper  
  21  2:10  SCV  
  22  2:21  Factory Tech Lab  
  22  2:22  SCV, Barracks Reactor  
  23  2:27  Supply Depot  
  23  2:34  SCV  
  23  2:46  Cyclone, SCV  
  28  2:58  SCV  
  28  3:01  Factory  
  24  3:13  Marine  
  25  3:24  Cyclone  
  25  3:25  SCV  
  29  3:33  Marine  
  30  3:34  Supply Depot  
  27  3:50  Marine  
  26  3:56  Cyclone  
  28  4:02  SCV  
  28  4:03  Hellion  
  28  4:04  Hellion  
  28  4:08  Marine  
  33  4:15  SCV  
  33  4:16  Infernal Pre-Igniter  
  34  4:27  Hellion x2, SCV  
  39  4:33  Cyclone  
  42  4:39  SCV  
  43  4:51  SCV  
  44  4:56  Hellion  
  46  5:12  SCV  
  47  5:15  Supply Depot  
  47  5:17  Supply Depot  
  47  5:27  Command Center  
  47  5:36  Cyclone  
  47  5:37  Hellion  
  52  5:55  Hellion  
  52  5:58  Hellion  
  54  6:10  Hellion, Mag-Field Accelerator  
  51  6:12  SCV  
  51  6:15  Armory  
  51  6:16  Hellion  
  49  6:19  Starport  
  45  6:27  SCV  
  43  6:33  Engineering Bay  
  43  6:39  Factory  
  43  6:43  Orbital Command  
  42  7:02  Starport Reactor  
  42  7:07  Hellion x2  
  37  7:22  Missile Turret  
  37  7:25  Missile Turret  
  35  7:32  Factory Tech Lab  
  35  7:34  SCV x2  
  37  7:47  SCV  
  37  7:48  SCV  
  39  7:51  Viking  
  39  8:04  SCV x2  
  39  8:05  Cyclone  
  42  8:07  Cyclone  
  44  8:22  SCV x2  
  44  8:23  Hellion x2  
  44  8:25  Viking  
  48  8:37  Cyclone  
  35  8:56  Hellion x2  
  35  9:01  Factory Tech Lab  
  36  9:07  SCV x2  
  36  9:09  Siege Tank  
  41  9:15  Viking x2  
  45  9:19  SCV  
  45  9:21  Hellion x2  
  45  9:24  Missile Turret, SCV  
  50  9:31  SCV  
  47  9:41  Cyclone x2  
  47  10:09  Hellion x2  
  47  10:13  Siege Tank x2  
  57  10:14  Factory  
  57  10:18  SCV x2  
  57  10:19  Armory, Factory  
  52  10:53  Hellion x2  
  59  11:01  SCV x2  
Show
View Real Time Build Order
Export as new Build Order

WillyStrike Terran 

Build Orders: 1/1/1, Hellion Banshee 

Get SALT Encoding   

  12  0:00  SCV  
  13  0:12  SCV  
  14  0:17  Supply Depot  
  15  0:28  SCV  
  15  0:31  Refinery  
  15  0:40  SCV  
  16  0:46  Barracks  
  16  0:52  SCV  
  17  1:04  SCV  
  18  1:16  SCV  
  19  1:34  Marine  
  19  1:35  Orbital Command  
  19  1:36  Factory  
  20  1:45  Refinery  
  20  1:50  Supply Depot  
  20  1:52  Marine  
  21  2:00  SCV  
  22  2:14  SCV  
  23  2:20  Hellion  
  23  2:21  Starport  
  25  2:26  SCV  
  26  2:33  Marine  
  27  2:38  SCV  
  27  2:42  Hellion  
  27  2:43  Supply Depot  
  30  2:53  Marine  
  31  2:59  Starport Tech Lab  
  31  3:05  SCV  
  32  3:06  Supply Depot  
  32  3:08  Hellion  
  34  3:17  SCV  
  33  3:25  Cloaking Field, Banshee  
  33  3:26  Marine  
  37  3:29  Hellion  
  37  3:32  SCV  
  33  3:51  Marine, Hellion  
  34  4:15  Marine  
  31  4:18  Banshee  
  31  4:19  Hellion  
  31  4:21  SCV  
  37  4:33  Marine  
  32  4:58  SCV  
  21  5:13  SCV  
  22  5:16  Command Center  
  22  5:23  Barracks Tech Lab  
  22  5:26  Banshee  
  22  5:28  Factory Reactor  
  25  5:29  SCV  
  26  5:41  SCV  
  27  5:43  Stimpack  
  27  5:45  Barracks  
  27  5:53  SCV  
  28  6:11  Marine  
  29  6:25  SCV  
  37  6:29  Marine  
  37  6:30  Orbital Command  
  37  6:32  Barracks  
  28  6:35  Barracks Reactor  
  28  6:36  Medivac x2  
  28  6:37  SCV  
  33  6:49  SCV  
  33  6:57  SCV  
  33  7:01  SCV, Siege Tank  
  38  7:02  Marine  
  39  7:09  SCV  
  39  7:11  Marine x2  
  39  7:13  SCV  
  43  7:17  Orbital Command  
  43  7:21  Barracks Reactor  
  44  7:25  SCV  
  44  7:33  Marine x2  
  44  7:34  Marauder  
  44  7:35  Viking  
  50  7:38  SCV  
  43  7:51  Marine x2  
  43  7:55  Marauder  
  43  7:57  Marine x2  
  40  8:01  Siege Tank  
  40  8:04  SCV x2  
  45  8:09  Refinery  
  45  8:12  Marine x2  
  45  8:19  Marine x2  
  49  8:22  Marauder  
  49  8:24  SCV  
  52  8:42  Marine x4  
  52  8:43  Marauder  
  57  9:04  Marine x3  
  57  9:05  Marauder  
  62  9:12  Supply Depot  
  62  9:26  Engineering Bay  
  62  9:27  SCV  
  62  9:28  Medivac x2, SCV, Siege Tank  
  55  9:33  Marine x2  
  55  9:34  Marine x3  
  34  9:51  Marine x3  
  24  10:19  SCV  
  25  10:23  SCV  
  26  10:31  SCV  
  26  10:35  SCV  
  22  11:01  SCV  
Show
View Real Time Build Order
Export as new Build Order

javaMan Terran - Winner!

Build Orders: Hellion Opening 

Get SALT Encoding   

  12  0:00  SCV  
  13  0:13  SCV  
  14  0:18  Supply Depot  
  14  0:25  SCV  
  15  0:40  SCV  
  15  0:41  Barracks  
  16  0:48  Refinery  
  16  0:52  Refinery  
  16  0:56  SCV  
  17  1:08  SCV  
  18  1:20  SCV  
  19  1:29  Reaper  
  19  1:31  Supply Depot  
  20  1:32  Orbital Command  
  20  1:56  Factory  
  20  1:59  SCV  
  21  2:08  Barracks Reactor  
  21  2:11  SCV  
  22  2:23  SCV  
  23  2:35  SCV  
  23  2:43  Starport  
  23  2:47  SCV  
  23  2:51  Hellion x2  
  26  2:57  Barracks Reactor  
  28  2:59  SCV  
  28  3:02  Supply Depot  
  29  3:11  Command Center  
  29  3:15  Hellion  
  31  3:23  SCV  
  31  3:24  Hellion, Starport Tech Lab  
  34  3:39  Engineering Bay  
  32  3:50  SCV  
  32  3:53  Viking  
  33  3:56  Marine x2, Hellion x2  
  39  4:09  Supply Depot  
  39  4:15  Missile Turret  
  39  4:23  SCV, Orbital Command  
  40  4:25  Raven  
  40  4:27  Barracks  
  42  4:35  SCV  
  40  5:07  SCV x2  
  40  5:08  Marine x2, Hellion x2  
  42  5:14  Bunker  
  42  5:19  SCV  
  42  5:20  SCV  
  44  5:24  Supply Depot, Terran Infantry Weapons Level 1  
  44  5:26  Marine x2  
  46  5:28  Barracks Tech Lab  
  46  5:31  SCV, Banshee  
  50  5:35  Cloaking Field  
  50  6:26  Orbital Command  
  50  6:36  Marine x2  
  50  6:37  Marine  
  50  6:39  Stimpack  
  53  6:40  Missile Turret  
  53  6:54  Marine  
  51  6:56  SCV  
  51  6:57  SCV  
  54  7:04  Hyperflight Rotors  
  54  7:09  SCV x2  
  54  7:15  Refinery  
  56  7:17  Refinery  
  56  7:21  SCV  
  57  7:25  SCV  
  57  7:28  Supply Depot  
  58  7:33  SCV  
  60  7:37  SCV  
  59  7:45  SCV  
  59  7:49  SCV  
  60  7:53  Marine x3  
  60  7:54  Banshee  
  60  7:57  SCV, Widow Mine x2  
  71  8:01  SCV, Starport  
  72  8:09  SCV  
  72  8:11  Marine  
  74  8:13  Marine x2, SCV  
  74  8:15  Command Center  
  77  8:20  Barracks  
  77  8:21  Barracks, SCV  
  78  8:35  Marine x2  
  78  8:43  Supply Depot x2, SCV x2, Banshee  
  78  8:44  Supply Depot  
  74  9:04  Marine x2  
  74  9:05  Marine, Combat Shield  
  74  9:07  Terran Infantry Armor Level 1  
  77  9:11  SCV x2  
  79  9:17  Barracks Reactor  
  79  9:18  Barracks Reactor  
  79  9:21  Marine  
  79  9:22  Marine  
  79  9:23  Supply Depot, SCV  
  82  9:24  Starport Reactor  
  82  9:25  Supply Depot  
  82  9:27  Starport Tech Lab  
  82  9:33  SCV  
  82  9:34  Banshee  
  82  9:35  SCV  
  87  9:45  SCV  
  87  9:47  SCV  
  89  9:55  Banshee  
  89  9:58  SCV  
  89  9:59  SCV  
  94  10:10  SCV  
  92  10:23  Supply Depot, Marine x6  
  92  10:24  Marine  
  99  10:29  Banshee  
  99  10:33  SCV x2  
  104  10:40  Marine  
  104  10:41  Marine x4  
  109  10:45  SCV  
Show
View Real Time Build Order
Export as new Build Order

PureLegacy Terran - Winner!

Build Orders:  

Get SALT Encoding   

  12  0:05  SCV  
  13  0:17  SCV  
  14  0:23  Supply Depot  
  14  0:29  SCV  
  14  0:33  Refinery  
  15  0:44  SCV  
  15  0:48  Barracks  
  16  0:57  SCV  
  17  1:04  Barracks  
  17  1:18  Barracks  
  17  1:22  SCV  
  18  1:38  Reaper  
  19  1:40  Orbital Command  
  19  1:49  Refinery  
  19  1:54  Reaper  
  20  2:01  Supply Depot  
  20  2:06  Reaper  
  21  2:14  Reaper  
  22  2:16  SCV  
  24  2:30  Reaper  
  24  2:34  Supply Depot  
  24  2:35  SCV  
  25  2:45  Reaper  
  25  2:47  SCV  
  27  2:57  Reaper  
  28  2:59  SCV  
  29  3:06  Reaper  
  29  3:20  Reaper  
  29  3:22  Command Center  
  29  3:24  SCV  
  30  3:32  Reaper  
  31  3:40  SCV  
  31  3:52  SCV  
  32  4:03  Engineering Bay, Barracks Reactor  
  32  4:04  Barracks Tech Lab  
  32  4:05  SCV  
  32  4:06  Barracks Reactor  
  32  4:07  Factory  
  29  4:17  SCV  
  30  4:28  Marine, Stimpack  
  30  4:30  Missile Turret  
  30  4:31  SCV  
  32  4:37  Orbital Command  
  32  4:38  Missile Turret  
  32  4:39  Marine x2  
  34  4:49  Marine x3  
  34  4:51  SCV  
  38  4:57  Marine, Starport  
  38  5:03  Factory Reactor, SCV  
  37  5:07  SCV  
  38  5:15  Marine, SCV  
  38  5:16  Marine x4  
  38  5:19  SCV  
  45  5:27  SCV  
  46  5:28  Terran Infantry Weapons Level 1  
  46  5:33  SCV  
  46  5:34  Barracks  
  47  5:35  Barracks  
  46  5:43  SCV  
  46  5:44  Marine x2  
  46  5:45  SCV  
  46  5:46  Marine x2  
  52  5:54  Medivac x2  
  44  5:58  Marine  
  44  6:01  Marine  
  44  6:02  Marine  
  38  6:04  Marine x2  
  25  6:13  Factory Tech Lab  
  25  6:16  Marine  
  21  6:19  Marine x2, SCV  
  21  6:22  Marine x2, SCV  
  26  6:32  SCV  
  27  6:34  Siege Tank  
  27  6:37  Marine x2  
  32  6:44  SCV  
  32  6:45  Marine  
  34  6:50  Marine x2  
  34  6:53  SCV  
  37  6:56  Marine x2, SCV  
  40  7:10  Marine x2, Barracks Reactor  
  40  7:12  SCV x2  
  46  7:16  Marine x2  
  46  7:23  Barracks Reactor  
  46  7:24  SCV  
  46  7:26  SCV  
  46  7:31  Marine x3  
  46  7:34  Marine x2  
  51  7:37  SCV  
  51  7:38  SCV  
  53  7:49  Marine x3  
  53  7:50  SCV  
  53  7:52  Marine  
  53  7:53  Marine  
  47  7:59  Marine  
  47  8:00  Marine x3  
  47  8:01  Siege Tank  
  54  8:06  Terran Infantry Armor Level 1, Supply Depot  
  54  8:27  Marine x5, SCV x2  
  54  8:30  Supply Depot  
  61  8:37  Marine  
  62  8:46  Supply Depot  
  62  8:50  Marine  
  62  8:51  Marine x2, SCV  
  62  8:52  SCV, Siege Tank  
  64  8:57  Marine x4  
  64  8:58  Marine x2  
  70  9:08  Medivac x2, SCV x2  
  76  9:13  Supply Depot  
  76  9:14  Marine x2  
  78  9:23  Supply Depot  
  78  9:28  SCV x2  
  72  9:34  Marine x2  
  64  9:41  Medivac  
  64  9:42  Medivac  
  64  9:48  Marine  
  64  9:49  Marine x5  
  64  9:52  SCV x2  
  70  9:54  Refinery  
  70  9:55  Supply Depot, Marine x2  
  70  9:56  Refinery  
  69  10:02  Marine  
  69  10:05  SCV x2  
  69  10:06  Marine  
  73  10:08  Marine x2  
  73  10:09  Marine x3  
  78  10:17  Marine x2  
  78  10:20  Marine  
  81  10:24  Marine  
  81  10:26  Marine, Siege Tank  
  87  11:04  Supply Depot x2  
  87  11:05  Supply Depot  
Tags
 
Add a new tag
Caveats
  • Supply blocks, unpowered buildings, or Contaminate may cause inaccurate times.
  • Supply counts are checked every 10 seconds.